 Dungeon Crawl Stone Soup version 0.27.0-1-g7a089689b8 (webtiles) character file.

Game seed: 13868077484716349186

48957 lmSkywalker the Nimble (level 14, -1/103 HPs)
             Began as a Djinni Fire Elementalist on Aug 16, 2021.
             Was the Champion of Okawaru.
             Killed by divine providence
             ... invoked by an orc priest
              (12 damage)
             ... on level 2 of the Orcish Mines on Aug 17, 2021.
             The game lasted 02:43:54 (25276 turns).

lmSkywalker the Nimble (Djinni Fire Elementalist)  Turns: 25276, Time: 02:43:54

Health: -1/103     AC: 19    Str: 14    XL:     14   Next: 89%
Gold:   1806       EV: 27    Int: 26    God:    Okawaru [******] SH:  0 Dex: 23

rFire    + + .     SeeInvis +   I - +7 scimitar "Iplykk" {speed, Dex+7}
rCold    x . .     Faith    .   (no shield)
rNeg     . . .     Spirit   .   X - +0 troll leather armour
rPois    ∞         Reflect  .   O - +4 hat of Divine Amelioration {*Slow Will++ MP+9}
rElec    .         Harm     .   c - +2 cloak
rCorr    .         Rampage  .   S - +2 pair of gloves {Stlth+}
Will     +++..                  (boots unavailable)
Stlth    ++++......             F - amulet of regeneration
HPRegen  2.27/turn              m - ring of Zeaps {Str+6 Int+7 SInv Stlth-}
MPRegen  0.00/turn              p - +4 ring of protection

@: heroic, marked, flying, studying 2 skills
A: sickness immunity, fire resistance 2, cold vulnerability 1, float, innate
caster, hp casting, extra vitality 1
a: Renounce Religion, Heroism, Finesse


You were on level 2 of the Orcish Mines.
You worshipped Okawaru.
Okawaru was exalted by your worship.
You visited 4 branches of the dungeon, and saw 22 of its levels.
You also visited: Sewer and Gauntlet.

You collected 2121 gold pieces.
You spent 315 gold pieces at shops.

Inventory:

Hand Weapons
 o - the +5 flail of the Immovable Seers {elec, Str+7}
   (Okawaru gifted it to you on level 12 of the Dungeon)

   It occasionally discharges a powerful burst of electricity upon striking a
   foe.
   Str:       It affects your strength (+7).
 I - the +7 scimitar "Iplykk" (weapon) {speed, Dex+7}
   (You found it in a Gauntlet)

   Attacks with this weapon are significantly faster.
   Dex:       It affects your dexterity (+7).
 P - a +6 flail of protection
Missiles
 d - 3 throwing nets
 B - 11 curare-tipped darts
Armour
 c - a +2 cloak (worn)
 u - a +2 robe of resistance
 v - a +1 hat of see invisible
 O - the +4 hat of Divine Amelioration (worn) {*Slow Will++ MP+9}
   (Okawaru gifted it to you on level 13 of the Dungeon)

   MP:        It affects your magic capacity (+9).
   *Slow:     It may slow you when you take damage.
   Will:      It greatly increases your willpower.
 S - a +2 pair of gloves of stealth (worn)
 T - a +2 hat of intelligence
 X - a +0 troll leather armour (worn)
Jewellery
 m - the ring of Zeaps (left hand) {Str+6 Int+7 SInv Stlth-}
   (You acquired it on level 11 of the Dungeon)

   [ring of strength]

   Str:       It affects your strength (+6).
   Int:       It affects your intelligence (+7).
   SInv:      It lets you see invisible.
   Stlth:     It makes you less stealthy.
 p - a +4 ring of protection (right hand)
 r - a +4 ring of slaying
 C - a ring of positive energy
 F - an amulet of regeneration (around neck)
 V - a ring of protection from fire
Wands
 a - a wand of iceblast (18)
 q - a wand of digging (10)
 s - a wand of paralysis (20)
 G - a wand of flame (43)
 L - a wand of acid (10)
 N - a wand of polymorph (25)
 Q - a wand of mindburst (41)
Scrolls
 e - 4 scrolls of fog
 f - 4 scrolls of blinking
 h - 2 scrolls of enchant armour
 n - 5 scrolls of teleportation
 y - 5 scrolls of magic mapping
 A - a scroll of fear
 D - 2 scrolls of enchant weapon
 K - 2 scrolls of immolation
 R - 2 scrolls of vulnerability
 U - a scroll of holy word {unknown}
 W - 2 scrolls of identify
Potions
 b - a potion of attraction
 g - 9 potions of curing
 i - 3 potions of cancellation
 j - 4 potions of resistance
 k - 7 potions of heal wounds
 l - 6 potions of brilliance
 t - 3 potions of haste
 w - 2 potions of lignification
 x - 2 potions of degeneration
 z - 3 potions of might
 E - 2 potions of mutation
 H - 2 potions of invisibility
 J - a potion of ambrosia
 M - a potion of berserk rage


   Skills:
 - Level 10.0(15.0) Fighting
 - Level 1.0(10.5) Short Blades
 + Level 8.7(13.8) Long Blades
 - Level 3.0(8.0) Maces & Flails
 + Level 14.1(19.1) Dodging
 - Level 2.0(7.0) Stealth
 - Level 11.6 Spellcasting
 - Level 4.1 Invocations
 - Level 7.7 Evocations


You had one spell level left.
You knew the following spells:

 Your Spells              Type           Power      Damage    Failure   Level
a - Foxfire               Conj/Fire      100%       2x1d9     1%          1
b - Conjure Flame         Conj/Fire      66%        6-21      1%          3
c - Inner Flame           Hex/Fire       66%        N/A       1%          3
d - Sticky Flame          Conj/Fire      66%        2d8       1%          4
e - Fireball              Conj/Fire      33%        3d14      1%          5
f - Summon Small Mammal   Summ           100%       N/A       1%          1
g - Ensorcelled Hibernat  Hex/Ice        100%       N/A       1%          2
h - Call Canine Familiar  Summ           66%        N/A       1%          3
i - Summon Ice Beast      Ice/Summ       66%        N/A       1%          4
j - Cause Fear            Hex            33%        N/A       1%          4
k - Yara's Violent Unrav  Hex/Tmut       33%        3d14      1%          5
Your spell library was empty.

Dungeon Overview and Level Annotations

Branches:
Dungeon (13/15)            Temple (1/1) D:7            Lair (6/6) D:10
  Swamp (0/4) Lair:4       Spider (0/4) Lair:2        Slime (0/5) Lair:6
    Orc (2/2) D:10            Elf (0/3) Orc:2        Vaults (0/5) D:13
  Sewer (visited)         Gauntlet (visited)

Altars:
Ashenzari
Cheibriados
Dithmenos
Elyvilon
Fedhas
Gozag
Hepliaklqana
Kikubaaqudgha
Makhleb
Nemelex Xobeh
Okawaru
Qazlal
Ru
Sif Muna
Trog
Uskayaw
Vehumet
Wu Jian
Xom
Yredelemnul
Zin
The Shining One
Jiyva

Shops:
D:9 :   D:11 ?   D:12 :   D:13 =

Portals:
Trove: D:10 (give +3 storm dragon scales)

Annotations:
D:3 2 transporters
Lair:5 2 transporters, Cogue's ghost, journeyman VSWz


Innate Abilities, Weirdness & Mutations

You are immune to sickness and miasma.
You are immune to poison.
Your flesh is very heat resistant. (rF++)
You are vulnerable to cold. (rC-)
You float through the air rather than walking.
You learn spells naturally, not from books.
Your magical power is your life essence.
You have superior vitality. (+4 HP)


Message History

An orc comes into view. It is wielding a +0 falchion.
Things that are here:
a +0 giant club; an ogre skeleton
Casting: Foxfire (safe; 1% risk of failure)
Confirm with . or Enter, or press ? or * to list all spells.
The orc high priest looks frightened!
The orc priest looks frightened!
The orc looks frightened!
The orc priest looks frightened! x2
The orc priest resists with some effort.
The orc priest looks frightened!
The hellwing is unaffected.
The orc looks frightened!
The orc priest looks frightened! x2
The smoke demon is unaffected.
The orc priest looks frightened!
The smoke demon is unaffected.
The rust devil is unaffected.
The orc priest looks frightened!
The chaos spawn is unaffected.
The orange demon is unaffected.
The hellwing is unaffected.
The orc looks frightened!
The orc high priest easily resists.
The warg looks frightened!
The orc looks frightened!
The orc priest easily resists.
The orc looks frightened! x3
The orc priest looks frightened!
The orc high priest looks frightened!
The orc priest resists with some effort.
The orc priest looks frightened! x2; The orc looks frightened! x3
The ogre looks frightened!
* * * LOW HITPOINT WARNING * * *
The orc priest howls in fear.
An orc comes into view. It is wielding a +0 falchion.
The orc priest screams, "Help!"
An orc priest comes into view. It is wielding a +0 war axe.
The orc cries, "Mercy!"
The orc high priest starts to cry.
The hellwing swoops through the air toward you!
The hellwing hits you.
* * * LOW HITPOINT WARNING * * *
The hellwing hits you but does no damage.
The orc starts to cry.
There is a stone staircase leading up here.
The hellwing completely misses you.
You riposte.
You slash the hellwing!
The hellwing is heavily wounded.
The hellwing completely misses you.
The orc priest calls down the wrath of Beogh upon you.
Beogh smites you!
You die...

......####.......o.........).)...
........#......ooo#oo.oo...).)...
..............[.o...$.....)#.)...
...........#...)o...4.o..........
........#..[......#...o.o....†...
#....#...#.........Oo.ooo........
#...#.......[...44).)o.o.........
#...............4)...o3.........#
...........#.#.4@#.o..o.h.......#
.................#...o3..........
..†...............#..o...........
...............#.................
...........#...##.#..............
.........##...######.............
..........#...# #..............
.........###.## ##............#
#......v.# #.# ##..#....#....


You could see 2 orc high priests, an orange demon (summoned), 2 hellwings, a
rust devil (summoned), a smoke demon (summoned), a chaos spawn (summoned), an
ogre (fleeing), 6 orc priests and 9 orcs.

Vanquished Creatures
  A hydra (Lair:2)
  A two-headed ogre (D:12)
  2 death yaks
  Pikel (D:5)
  2 orc knights
  An ugly thing (D:13)
  An orc sorcerer (Orc:2)
  A cyclops (D:13)
  4 elephants
  A centaur zombie (D:10)
  A moth of wrath (Gauntlet)
  7 cane toads
  A black mamba (Lair:2)
  An unseen horror (D:11)
  2 komodo dragons
  Maggie (D:8)
  3 polar bears
  A hornet (D:9)
  Grinder (D:5)
  A dream sheep (Lair:6)
  12 blink frogs
  Sigmund (D:5)
  3 spriggans (Lair:6)
  A shadow (D:10)
  A vampire (D:13)
  A basilisk (Lair:2)
  15 yaks
  A wraith (D:11)
  Grum (D:8)
  2 vampire mosquitoes (D:10)
  6 wargs
  7 water moccasins
  A sky beast (D:8)
  7 orc warriors
  An ice beast (D:6)
  A black bear (Lair:6)
  3 boggarts (Lair:6)
  4 ogres
  11 wolves
  A centaur (D:5)
  A phantom (D:4)
  3 lemures (D:5)
  A kobold brigand (Sewer)
  8 bullfrogs
  A scorpion (D:5)
  Dowan (D:6)
  12 killer bees
  2 wights (D:7)
  2 howler monkeys
  4 hounds
  6 orc priests
  A jelly (D:6)
  A centaur skeleton (D:5)
  An iguana (D:5)
  9 orc wizards
  A hound skeleton (D:4)
  9 adders
  An ufetubus (D:7)
  2 adder skeletons (D:4)
  A worm (D:5)
  3 dart slugs
  39 orcs
  5 bats
  7 endoplasms
  10 giant cockroaches
  7 goblins
  12 hobgoblins
  10 jackals
  4 quokkas
  10 ball pythons
  5 frilled lizards
  21 kobolds
  10 rats
324 creatures vanquished.

Vanquished Creatures (collateral kills)
  The ghost of Deed the Peltast, a journeyman MiFi of Wu Jian (Lair:3)
  An ettin (Orc:2)
  Snorg (D:12)
  6 hydras
  A catoblepas (Lair:4)
  Harold (D:9)
  Erica (D:8)
  3 boulder beetles
  A two-headed ogre (D:13)
  A centaur warrior (D:13)
  An orc high priest (Orc:2)
  4 death yaks
  A wizard (D:13)
  An orc knight (Orc:1)
  2 ugly things (D:13)
  A wolf spider (Gauntlet)
  2 oklob plants (Lair:3)
  A cyclops (D:12)
  A moth of wrath (Gauntlet)
  A manticore (D:13)
  Maurice (D:8)
  3 black mambas
  3 elephants
  2 gargoyles (D:12)
  8 cane toads
  A rime drake (Lair:2)
  10 komodo dragons
  2 jumping spiders (Lair:2)
  2 trolls
  7 polar bears
  4 hornets
  16 blink frogs
  3 dream sheep (Lair:6)
  6 redbacks (Gauntlet)
  8 spriggans (Lair:6)
  2 wraiths
  A basilisk (Lair:5)
  22 yaks
  Eustachio (D:6)
  2 vampire mosquitoes (D:10)
  3 wargs (Orc:2)
  5 swamp worms (Lair:4)
  Duvessa (D:6)
  9 water moccasins
  8 orc warriors
  3 black bears
  A necrophage (D:5)
  4 ogres
  A boggart (Lair:6)
  A phantom (D:7)
  17 wolves
  8 centaurs
  A kobold brigand (D:7)
  A gnoll sergeant (D:11)
  4 bullfrogs
  14 killer bees
  A wight (D:7)
  4 howler monkeys
  4 orc priests
  5 orc wizards
  An iguana (D:7)
  A hell rat (D:9)
  3 gnolls (D:11)
  A shadow imp (D:5)
  A white imp (D:7)
  19 orcs
  A ball python (D:4)
  2 jackals (D:5)
  4 kobolds
  A rat (D:10)
  12 foxfires
277 creatures vanquished.

Vanquished Creatures (others)
  Erolcha (D:11)
  1524 foxfires
  68 fungi
  40 plants
1633 creatures vanquished.

Grand Total: 2234 creatures vanquished

Notes
Turn   | Place    | Note
-------+----------+-------------------------------------------
     0 | D:1      | lmSkywalker the Djinni Fire Elementalist began the quest
                  | for the Orb.
     0 | D:1      | Reached XP level 1. HP: 15/15 MP: 0/0
   173 | D:1      | Reached XP level 2. HP: 14/21 MP: 0/0
   603 | D:1      | Reached XP level 3. HP: 15/25 MP: 0/0
   603 | D:1      | Learned a level 1 spell: Summon Small Mammal
  1891 | D:2      | Found a faded altar of an unknown god.
  2603 | D:3      | Reached XP level 4. HP: 29/31 MP: 0/0
  2849 | D:4      | Noticed a black bear
  3293 | D:3      | Found a transporter.
  3309 | D:3      | Found a transporter.
  3745 | D:3      | Reached XP level 5. HP: 31/35 MP: 0/0
  3745 | D:3      | Learned a level 2 spell: Ensorcelled Hibernation
  4420 | D:4      | Reached XP level 6. HP: 22/40 MP: 0/0
  4667 | D:4      | Reached skill level 5 in Spellcasting
  5669 | D:5      | Entered Level 5 of the Dungeon
  5672 | D:5      | Noticed an ogre
  5697 | D:5      | Killed an ogre
  5698 | D:5      | Reached XP level 7. HP: 23/45 MP: 0/0
  5698 | D:5      | Learned a level 3 spell: Call Canine Familiar
  6034 | D:5      | Found a glowing drain.
  6127 | Sewer    | Entered a sewer
  6650 | D:5      | Noticed Sigmund
  7020 | D:5      | Noticed Pikel
  7836 | D:5      | Killed Pikel
  7837 | D:5      | Reached XP level 8. HP: 24/50 MP: 0/0
  8203 | D:5      | Noticed Grinder
  8209 | D:5      | Killed Grinder
  8210 | D:5      | Reached XP level 9. HP: 34/55 MP: 0/0
  8210 | D:5      | Learned a level 4 spell: Summon Ice Beast
  8358 | D:5      | Found a sacrificial altar of Ru.
  8358 | D:5      | Found a basalt altar of Yredelemnul.
  8358 | D:5      | Found a sparkling altar of Nemelex Xobeh.
  8364 | D:5      | Found a burning altar of Makhleb.
  8364 | D:5      | Found a white marble altar of Elyvilon.
  8392 | D:5      | Became a worshipper of Elyvilon the Healer
  8963 | D:6      | Noticed Eustachio
  8978 | D:6      | Killed Eustachio
  9420 | D:6      | Found a blossoming altar of Fedhas.
  9462 | D:6      | Noticed Dowan
  9464 | D:6      | Noticed Duvessa
  9470 | D:6      | Killed Dowan
  9472 | D:6      | Killed Duvessa
  9666 | D:7      | Reached * piety under Elyvilon
  9796 | D:7      | Found a staircase to the Ecumenical Temple.
  9831 | Temple   | Entered the Ecumenical Temple
 10036 | D:7      | Was placed under penance by Elyvilon
 10128 | Temple   | Fell from the grace of Elyvilon
 10128 | Temple   | Became a worshipper of Warmaster Okawaru
 10195 | D:7      | Identified the +1 leather armour "Qenacw" {rC+}
 10362 | D:7      | Reached skill level 1 in Fighting
 10486 | D:8      | Reached skill level 1 in Short Blades
 10507 | D:8      | Reached skill level 1 in Invocations
 10520 | D:8      | Noticed Grum
 10522 | D:8      | Reached skill level 3 in Dodging
 10524 | D:8      | Killed Grum
 10525 | D:8      | Reached XP level 10. HP: 58/64 MP: 0/0
 10527 | D:8      | Reached * piety under Okawaru
 10543 | D:8      | Reached skill level 4 in Dodging
 10634 | D:8      | Reached skill level 10 in Spellcasting
 10637 | D:8      | Reached ** piety under Okawaru
 10654 | D:8      | Noticed Erica
 10662 | D:8      | Killed Erica
 10663 | D:8      | Reached skill level 5 in Dodging
 10707 | D:8      | Noticed Maggie
 10739 | D:8      | Killed Maggie
 10739 | D:8      | Reached *** piety under Okawaru
 10910 | D:8      | Noticed Maurice
 10929 | D:8      | Killed Maurice
 11176 | D:5      | Killed Sigmund
 11177 | D:5      | Reached skill level 1 in Evocations
 11799 | D:9      | Found Bearchana's Self-Improvement Boutique.
 11810 | D:9      | Reached **** piety under Okawaru
 11826 | D:9      | Reached XP level 11. HP: 74/74 MP: 0/0
 11826 | D:9      | Learned a level 4 spell: Cause Fear
 11885 | D:9      | Noticed Harold
 12024 | D:9      | Reached skill level 1 in Maces & Flails
 12042 | D:9      | Reached skill level 6 in Dodging
 12227 | D:9      | Reached skill level 5 in Fighting
 12585 | D:9      | Killed Harold
 12681 | D:9      | You are sucked into a shaft and drop 1 floor!
 12681 | D:10     | Entered Level 10 of the Dungeon
 12682 | D:10     | Noticed a death yak
 12738 | D:10     | Reached ***** piety under Okawaru
 13138 | D:10     | Noticed a death yak
 13219 | D:10     | Noticed a death yak
 13254 | D:9      | Killed a death yak
 13379 | D:9      | Killed a death yak
 13427 | D:10     | Killed a death yak
 13727 | D:10     | Found a staircase to the Lair.
 13927 | D:10     | Reached skill level 7 in Dodging
 13957 | D:10     | Received a gift from Okawaru
 14094 | D:10     | Found a staircase to the Orcish Mines.
 14247 | D:10     | Found a portal to a secret trove of treasure.
 14458 | D:10     | Found a staircase to the Lair.
 14518 | D:10     | Found a staircase to the Orcish Mines.
 14702 | D:10     | Found a portal to a secret trove of treasure.
 14906 | D:11     | Found a gate leading to a gauntlet.
 14913 | D:11     | Found Roun's Magic Scroll Emporium.
 14917 | Gauntlet | Entered a Gauntlet
 14917 | Gauntlet | Found a transporter.
 14923 | Gauntlet | Noticed a moth of wrath
 14924 | Gauntlet | Found a transporter.
 14924 | Gauntlet | Noticed a wizard
 14935 | Gauntlet | Noticed a wizard
 14937 | Gauntlet | Found a transporter.
 14941 | Gauntlet | Found a transporter.
 14943 | Gauntlet | Noticed a sixfirhy
 14946 | Gauntlet | Noticed a sixfirhy
 14946 | Gauntlet | Noticed a sixfirhy
 14950 | Gauntlet | Noticed a sixfirhy
 14951 | Gauntlet | Found a transporter.
 14970 | Gauntlet | Noticed a wolf spider
 14971 | Gauntlet | Found a transporter.
 14971 | Gauntlet | Noticed a moth of wrath
 14975 | Gauntlet | Found a runed translucent door.
 14981 | Gauntlet | Noticed a white ugly thing
 14982 | Gauntlet | Noticed a green ugly thing
 14983 | Gauntlet | Noticed a glowing orange brain
 14985 | Gauntlet | Found a transporter.
 15003 | Gauntlet | Found a transporter.
 15007 | Gauntlet | Found a transporter.
 15011 | Gauntlet | Noticed a death drake
 15015 | Gauntlet | Found a transporter.
 15033 | Gauntlet | Found a transporter.
 15038 | Gauntlet | Found a transporter.
 15254 | Gauntlet | Killed a moth of wrath
 15263 | Gauntlet | Identified the ring "Roicopud" {rF+ rN+}
 15276 | Gauntlet | Identified the +7 scimitar "Iplykk" {speed, Dex+7}
 15350 | Gauntlet | Killed a moth of wrath
 15371 | Gauntlet | Killed a wolf spider
 15372 | Gauntlet | Reached skill level 1 in Long Blades
 15389 | Gauntlet | Identified the ring of the Thirteen Orbs {*Slow rC+++ rCorr
                  | Str+8 Slay-6}
 15450 | Gauntlet | Identified the ring of Spite {rC+ Will+ Dex+3}
 15450 | Gauntlet | Noticed a minotaur
 15490 | Gauntlet | Identified the ring of Oenomania {rF+ MP-9 Str+8 Stlth+}
 15494 | Gauntlet | HP: 3/76 [minotaur/silver javelin (11)]
 15561 | D:11     | Bought a scroll of teleportation for 42 gold pieces
 15561 | D:11     | Bought a scroll of identify for 28 gold pieces
 15561 | D:11     | Bought a scroll of identify for 28 gold pieces
 15561 | D:11     | Bought a scroll of identify for 28 gold pieces
 15564 | D:11     | Bought a scroll of identify for 28 gold pieces
 15564 | D:11     | Bought a scroll of identify for 28 gold pieces
 15564 | D:11     | Bought a scroll of identify for 28 gold pieces
 15564 | D:11     | Bought a scroll of enchant armour for 105 gold pieces
 15564 | D:11     | Identified 2 scrolls of acquirement
 15565 | D:11     | Acquired a manual of Shields
 15567 | D:11     | Acquired the ring of Zeaps {Str+6 Int+7 SInv Stlth-}
 15645 | D:11     | Noticed Erolcha
 15649 | D:11     | Killed Erolcha
 15650 | D:11     | Reached XP level 12. HP: 84/84 MP: 0/0
 15844 | D:11     | Found a bloodstained altar of Trog.
 16029 | D:11     | Noticed a boulder beetle
 16059 | D:11     | Killed a boulder beetle
 16248 | D:12     | Noticed Snorg
 16265 | D:12     | Killed Snorg
 16345 | D:12     | Noticed a boulder beetle
 16370 | D:12     | Identified the +5 flail of the Immovable Seers {elec,
                  | Str+7} (Okawaru gifted it to you on level 12 of the
                  | Dungeon)
 16370 | D:12     | Received a gift from Okawaru
 16373 | D:12     | Killed a boulder beetle
 16374 | D:12     | Reached skill level 5 in Evocations
 16375 | D:12     | Reached skill level 8 in Dodging
 16537 | D:12     | Noticed a seven-headed hydra
 16553 | D:12     | Killed a seven-headed hydra
 16553 | D:12     | Reached ****** piety under Okawaru
 16574 | D:12     | Found Mius's Book Shoppe.
 16621 | D:12     | Noticed a two-headed ogre
 16634 | D:12     | Killed a two-headed ogre
 17008 | D:13     | Identified the +6 great mace "Grim Tooth" {spect, rC+}
 17022 | D:13     | Received a gift from Okawaru
 17152 | D:13     | Found a white marble altar of Elyvilon.
 17176 | D:13     | Noticed a five-headed hydra
 17184 | D:13     | Killed a five-headed hydra
 17187 | D:13     | Noticed a centaur warrior
 17191 | D:13     | Killed a centaur warrior
 17202 | D:13     | Found Ryotusov's Jewellery Shoppe.
 17338 | D:13     | Found a gate to the Vaults.
 17338 | D:13     | Noticed a two-headed ogre
 17344 | D:13     | Killed a two-headed ogre
 17344 | D:13     | Identified the +4 hat of Divine Amelioration {*Slow Will++
                  | MP+9} (Okawaru gifted it to you on level 13 of the Dungeon)
 17344 | D:13     | Received a gift from Okawaru
 17490 | Lair:1   | Entered Level 1 of the Lair of Beasts
 17608 | Lair:1   | Noticed a four-headed hydra
 17617 | Lair:1   | Killed a four-headed hydra
 17618 | Lair:1   | Reached skill level 9 in Dodging
 17620 | Lair:1   | Reached XP level 13. HP: 79/90 MP: 0/0
 17620 | Lair:1   | Learned a level 5 spell: Yara's Violent Unravelling
 18642 | Lair:2   | Noticed a seven-headed hydra
 18649 | Lair:2   | Killed a seven-headed hydra
 18650 | Lair:2   | Reached skill level 5 in Long Blades
 18861 | Lair:2   | Received a gift from Okawaru
 19040 | Lair:2   | Reached skill level 10 in Dodging
 19062 | Lair:2   | Noticed an eight-headed hydra
 19069 | Lair:2   | Killed an eight-headed hydra
 19070 | Lair:2   | Found a hole to the Spider Nest.
 19633 | Lair:3   | Noticed a boulder beetle
 19701 | Lair:2   | Acquired a manual of Dodging
 19755 | Lair:3   | Noticed Deed's ghost (journeyman MiFi)
 19758 | Lair:3   | Found a runed translucent door.
 19764 | Lair:3   | Received a gift from Okawaru
 20018 | Lair:3   | Killed a boulder beetle
 20716 | Lair:3   | Killed Deed's ghost
 20993 | Lair:4   | Reached skill level 11 in Dodging
 21074 | Lair:4   | Noticed a catoblepas
 21102 | Lair:4   | Killed a catoblepas
 21231 | Lair:4   | Found a staircase to the Swamp.
 21656 | Lair:5   | Noticed Cogue's ghost (journeyman VSWz)
 21662 | Lair:5   | Found a transporter.
 21678 | Lair:5   | Found a bloodstained altar of Trog.
 21687 | Lair:5   | Found a transporter.
 21702 | Lair:5   | Reached XP level 14. HP: 98/98 MP: 0/0
 22018 | Lair:5   | Reached skill level 12 in Dodging
 22446 | Lair:6   | Entered Level 6 of the Lair of Beasts
 22504 | Lair:6   | Received a gift from Okawaru
 22870 | Lair:6   | Found a staircase to the Slime Pits.
 22870 | Lair:6   | Found a viscous altar of Jiyva.
 23073 | Lair:6   | Received a gift from Okawaru
 23152 | Lair:6   | Reached skill level 13 in Dodging
 24415 | Orc:1    | Entered Level 1 of the Orcish Mines
 24934 | Orc:2    | Entered Level 2 of the Orcish Mines
 25004 | Orc:2    | Reached skill level 10 in Fighting
 25092 | Orc:2    | Found a staircase to the Elven Halls.
 25118 | Orc:2    | Reached skill level 14 in Dodging
 25276 | Orc:2    | Killed from afar by an orc priest

Illustrated notes

Levels and vault maps discovered:
D:1:      lemuel_arrival_tunnels, layout_loops_ring, minmay_unequal
D:2:      layout_loops_ring, ebering_ecumenical_altar_webs
D:3:      gammafunk_steamed_eel, layout_loops_ring, saegor_snake_ambush
D:4:      minmay_octagon_keep, layout_loops_ring
D:5:      layout_basic, minmay_overflow_temple_hex, portal_sewer_entry_a,
          enter_ossuary_2, uniq_pikel, uniq_sigmund, uniq_grinder
D:6:      layout_rooms, mainiacjoe_overflow_alcove_2, uniq_eustachio,
          uniq_duvessa
D:7:      layout_loops_cross, minmay_temple_entry_offerings
D:8:      layout_cave_pools, uniq_maurice, uniq_maggie, uniq_erica, uniq_grum
D:9:      layout_basic, nicolae_shop_self_help, uniq_harold
D:10:     layout_big_octagon, dpeg_lair_monsters, david_orc_4,
          trove_entry_hex_spiral
D:11:     layout_irregular_city, serial_shops, shop, gauntlet_entry_generic,
          trog_ov_bears_minmay, uniq_erolcha
D:12:     layout_rooms, serial_shops, shop_statue, uniq_snorg
D:13:     layout_rooms, david_vaults_1, serial_shops, shop_statue,
          minmay_door_square, elyvilon_altar_3
Temple:   regret_index_temple_waves
Lair:1:   layout_regular_city
Lair:2:   layout_regular_city, spider_nest_entry_a, beast_lair_carwin_7,
          serial_bayou_shore_a
Lair:3:   layout_roguey, hellmonk_ghost_happy_afterlife,
          minmay_lair_oklob_chamber
Lair:4:   layout_long_grid, minmay_swamp_entry_worms,
          chequers_serial_rivers_micro_d
Lair:5:   layout_loops_ring, gammafunk_ghost_wrathful_warriors,
          grunt_megastairs_1
Lair:6:   minmay_lair_end_enchanted_forest, layout_loops_ring, slime_altar_1
Orc:1:    layout_caves
Orc:2:    st_orc_town, layout_caves

Skill      XL: |  1  2  3  4  5  6  7  8  9 10 11 12 13 14 |
---------------+-------------------------------------------+-----
Spellcasting   | 3 4 5 7 8 9 10 11 | 11.6
Fighting       | 2 4 6 7 8 10 | 10.0
Stealth        | 2 |  2.0
Short Blades   | 1 |  1.0
Invocations    | 1 4 |  4.1
Dodging        | 3 5 7 9 11 14 | 14.1
Evocations     | 1 4 6 7 |  7.7
Maces & Flails | 3 |  3.0
Long Blades    | 1 4 6 8 |  8.7

Action                   |  1- 3 |  4- 6 |  7- 9 | 10-12 | 13-15 || total
-------------------------+-------+-------+-------+-------+-------++-------
Melee: Whip              |       |    16 |    34 |       |       ||    50
       Rapier            |       |       |    10 |     2 |       ||    12
       Flail             |       |       |       |    19 |       ||    19
       Unarmed           |       |       |       |     9 |       ||     9
       Scimitar          |       |       |       |    20 |   310 ||   330
       Punch             |       |       |       |       |     3 ||     3
Throw: Throwing net      |       |       |       |     1 |       ||     1
 Cast: Foxfire           |    73 |   127 |   120 |   292 |   302 ||   914
       Conjure Flame     |       |     3 |     4 |     6 |     4 ||    17
       Call Canine Famil |       |       |    32 |    64 |    52 ||   148
       Inner Flame       |       |       |    12 |    22 |    11 ||    45
       Summon Small Mamm |       |       |     7 |    13 |     4 ||    24
       Summon Ice Beast  |       |       |    20 |   166 |   224 ||   410
       Cause Fear        |       |       |       |     1 |    21 ||    22
       Ensorcelled Hiber |       |       |       |       |     7 ||     7
       Yara's Violent Un |       |       |       |       |     5 ||     5
       Fireball          |       |       |       |       |    31 ||    31
Invok: Heroism           |       |       |       |     6 |    13 ||    19
  Use: Scroll            |     2 |       |     5 |    17 |    10 ||    34
 Stab: Sleeping          |       |     4 |       |       |     1 ||     5
       Distracted        |       |       |       |     1 |     8 ||     9
       Fleeing           |       |       |       |       |     1 ||     1
Armor: Robe              |     2 |    24 |    31 |    41 |    63 ||   161
       Troll leather arm |       |       |       |       |     7 ||     7
Dodge: Dodged            |     3 |    31 |    48 |   132 |   276 ||   490
       Rpst.: Scimitar   |       |       |       |    12 |    75 ||    87
